 Dungeon Crawl Stone Soup version 0.17-a0-1468-gbf503c2 (webtiles) character file.

114 Sirial the Grave Robber (level 4, -2/30 HPs)
             Began as a Demonspawn Necromancer on July 1, 2015.
             Was an Initiate of Sif Muna.
             Killed from afar by North's ghost (8 damage)
             ... with a magic dart
             ... on level 3 of the Dungeon.
             The game lasted 00:13:19 (2209 turns).

Sirial the Grave Robber (Demonspawn Necromancer)    Turns: 2209, Time: 00:13:19

Health: -2/30      AC:  5    Str:  8      XL:     4   Next: 67%
Magic:  8/8        EV: 13    Int: 15 (17) God:    Sif Muna [......]
Gold:   141        SH:  0    Dex: 14      Spells: 3 memorised, 4 levels left

rFire  . . .     SeeInvis .     i - +2 short sword (speed)
rCold  . . .     Clarity  .     a - +2 robe
rNeg   . . .     SustAt   .     (no shield)
rPois  .         Gourm    .     (no helmet)
rElec  .         Spirit   .     (no cloak)
rCorr  .         Warding  .     (no gloves)
rMut   .         Stasis   .     (no boots)
MR     .....                    (no amulet)
Stlth  ++........               (no ring)
                                (no ring)

@: not resistant to hostile enchantments, unstealthy
A: icy blue scales 1, demonic guardian 1
a: Renounce Religion


You were on level 3 of the Dungeon.
You worshipped Sif Muna.
Sif Muna was noncommittal.
You were not hungry.

You visited 1 branch of the dungeon, and saw 3 of its levels.

You collected 141 gold pieces.

Inventory:

Hand weapons
 i - a +2 short sword of speed (weapon)
Missiles
 d - 7 javelins (quivered)
 e - 71 arrows
Armour
 a - a +2 robe (worn)
 k - a +0 cloak
 l - a +1 scale mail of positive energy
 m - a cursed +0 helmet
Jewellery
 f - an uncursed ring of see invisible {unknown}
Scrolls
 j - a scroll of teleportation
Potions
 g - a potion of magic
 h - a potion of heal wounds
 n - 2 potions of curing
 o - a potion of might {unknown}
Books
 b - a book of Necromancy

   Spells                             Type                      Level
   a - Pain                           Necromancy                   1
   b - Animate Skeleton               Necromancy                   1
   c - Vampiric Draining              Necromancy                   3
   d - Regeneration                   Charms/Necromancy            3
   e - Animate Dead                   Necromancy                   4
   f - Control Undead                 Necromancy                   4
Comestibles
 c - 3 bread rations
 p - 9 chunks of flesh


   Skills:
 + Level 0.2 Fighting
 + Level 0.5 Short Blades
 + Level 0.1 Throwing
 + Level 2.4 Dodging
 + Level 1.9 Stealth
 + Level 3.1 Spellcasting
 + Level 5.2 Necromancy


You had 4 spell levels left.
You knew the following spells:

 Your Spells              Type           Power        Failure   Level  Hunger
a - Pain                  Necr           ###.         1%          1    #......
b - Animate Skeleton      Necr           N/A          1%          1    #......
c - Regeneration          Chrm/Necr      ##........   24%         3    ###....


Dungeon Overview and Level Annotations

Branches:
Dungeon (3/15)

Altars:
Ashenzari
Sif Muna

Annotations:
D:3 Natasha; North's ghost, experienced DECj


Innate Abilities, Weirdness & Mutations

You are partially covered in icy blue scales (AC +1).
A weak demonic guardian rushes to your aid.


Message History

You closely miss North's ghost.
North's ghost is heavily damaged.
The orc priest hits you but does no damage.
Your white imp hits North's ghost.
Your white imp freezes North's ghost.
Natasha claws your white imp.
Your quasit bites the giant cockroach but does no damage.
Your quasit claws the giant cockroach.
The giant cockroach dies!
You hit North's ghost.
North's ghost is severely damaged.
North's ghost hits you but does no damage.
The orc priest looks braver.
Your white imp gestures at North's ghost.
The puff of frost hits North's ghost.
You barely miss North's ghost.
North's ghost is almost destroyed.
Natasha claws your white imp.
North's ghost gestures at you while chanting.
The magic dart hits you!
You die...

...# ##.....###... ..##
#...)...#.......##.#.
..# #......
#.......##.#. ..#
#...... #.......##.##
#.# #.... ##.....###.##
..# #oo. ##...## #.#.
###
#######h#######'#####.#)
#
.....$oW5...............
#
.......@..[..........##.
#
.....................#..
#
#######'#######'###..#..
.(.. #...# ##...##.....
....#
#..5..###.....###.##
....#
#.......#.......##.#
....#
#.......#.......##.##
....#
#...$...#...(...##.##
....#
##..$..###.....###...


You could see an orc priest, an orc wizard, Natasha, North's ghost, an orc, a
friendly quasit and a friendly white imp.

Vanquished Creatures
  Robin (D:2)
  An adder (D:3)
  2 worms
  A giant gecko (D:1)
  A ball python (D:3)
  2 giant cockroaches
  11 hobgoblins
  9 jackals
  4 bats
  2 giant newts
  6 goblins
  6 kobolds
  A quokka (D:3)
  10 rats
57 creatures vanquished.

Vanquished Creatures (collateral kills)
  Ijyb (D:2)
  An ooze (D:3)
  2 orcs (D:3)
  3 goblins
  A giant cockroach (D:3)
8 creatures vanquished.

Grand Total: 65 creatures vanquished

Notes
Turn   | Place    | Note
--------------------------------------------------------------
     0 | D:1      | Sirial the Demonspawn Necromancer began the quest for the Orb.
     0 | D:1      | Reached XP level 1. HP: 13/13 MP: 3/3
   158 | D:1      | Gained mutation: A weak demonic guardian rushes to your aid. [demonic ancestry]
   158 | D:1      | Reached XP level 2. HP: 13/19 MP: 0/5
   161 | D:1      | Learned a level 1 spell: Animate Skeleton
   611 | D:1      | Reached skill level 5 in Necromancy
   805 | D:2      | Noticed Robin
   815 | D:2      | Gained mutation: You are partially covered in icy blue scales (AC +1). [demonic ancestry]
   815 | D:2      | Reached XP level 3. HP: 17/24 MP: 2/6
   845 | D:2      | Killed Robin
   956 | D:2      | Found a deep blue altar of Sif Muna.
   962 | D:2      | Became a worshipper of Sif Muna the Loreminder
  1305 | D:2      | Noticed Ijyb
  1311 | D:2      | Learned a level 3 spell: Regeneration
  1658 | D:2      | Killed Ijyb
  1658 | D:2      | Reached XP level 4. HP: 30/30 MP: 8/8
  1955 | D:3      | Found a shattered altar of Ashenzari.
  2193 | D:3      | Noticed North's ghost (experienced DECj)
  2196 | D:3      | Noticed Natasha
  2209 | D:3      | Killed from afar by North's ghost

Vault maps used:
D:1:      dpeg_arrival_tiny_c
D:2:      led_sif_pool, uniq_robin, uniq_iyjb
D:3:      kennysheep_six_static_rooms, nicolae_overflow_hidden_temple,
          first_bread, uniq_natasha

Action                   |  1- 3 |  4- 6 || total
-------------------------+-------+-------++-------
Melee: Short sword       |   100 |    76 ||   176
       Unarmed           |     1 |       ||     1
Throw: Javelin           |     6 |       ||     6
 Cast: Pain              |    40 |     3 ||    43
       Animate Skeleton  |     3 |     2 ||     5
  Use: Scroll            |     6 |     2 ||     8
       Potion            |     4 |       ||     4
 Stab: Sleeping          |       |     1 ||     1
  Eat: Fruit             |     3 |       ||     3
       Meat ration       |     1 |       ||     1
